Panthers vs Blues

Created - 10 décembre 2023 at 17:31

Goals
1 2 3 OT1 T
Panthers 0 0 2 1 3
Blues 0 2 0 0 2
Shots
1 2 3 OT1 T
Panthers 7 9 18 1 35
Blues 15 14 3 1 33

GoalsPenalties
1st period
No Goal
No Penalty
2nd period
1. Blues , Kyle Okposo 5 (Pius Suter 12, Kyle Palmieri 8) at 3:14
2. Blues , Tyler Toffoli 13 (Gavin Bayreuther 4, Marcus Johansson 14) at 7:47
Evander Kane (FLO) for Roughing (Minor) at 3:17
Sean Walker (STL) for Tripping (Minor) at 17:18
3rd period
3. Panthers , Auston Matthews 14 (Evander Kane 19) at 5:54 (PP)
4. Panthers , Auston Matthews 15 (Devon Toews 15) at 16:01 (PP)
Travis Hamonic (STL) for Roughing (Minor) at 1:05
Brayden Schenn (STL) for Fighting (Major) at 5:28
Devon Toews (FLO) for Fighting (Major) at 5:28
Brandon Montour (STL) for Tripping (Minor) at 5:31
Evgeni Malkin (FLO) for Hooking (Minor) at 7:49
Sean Walker (STL) for Tripping (Minor) at 15:58
Overtime #1
5. Panthers , Auston Matthews 16 (Andrew Peeke 10, Mike Hoffman 8) at 0:18
No Penalty
Goalie Stats
Adin Hill (FLO), 31 saves from 33 shots - (0,939), W, 15-15-2, 60:18 minutes
Kaapo Kahkonen (STL), 32 saves from 35 shots - (0,914), OTL, 11-12-4, 60:18 minutes
3 StarsOfficial
1 - Auston Matthews (FLO)
2 - Tyler Toffoli (STL)
3 - Adin Hill (FLO)
Referees : Jacqueline Howard and Tom Chmielewski
Linesman : Jesse Marquis and Ben O'Quinn
Game Note
Brayden Schenn and Devon Toews fight to a draw at 5:28 of 3rd period
Auston Matthews has scored a Hat Trick!
Finance
Level 1 -- Attendance: 4837 (81%) -- Ticket Income $483,700
Level 2 -- Attendance: 3886 (78%) -- Ticket Income $233,160
Level 3 -- Attendance: 2374 (79%) -- Ticket Income $83,090
Level 4 -- Attendance: 3048 (76%) -- Ticket Income $60,960
Luxury Box -- Attendance: 1000 (100%) -- Ticket Income $200,000
Game was played at the Savvis Center.
Total Attendance: 15145 (80%)
Total Ticket Income: $1,060,910
Other Income: $318,273
Total Income: $1,379,183



Team Name Goals Shots Shots Attemp Shots Blocked PIM HIT PP PK FO%
Panthers 33564109152 / 4 (50%)052%
Blues 23365913180 / 2 (0%)248%

Panthers
Player Name POS G A P +/- PIM HIT SHT SB MP PP MP PP SHT PK MP PK SHT FO% FOT GA TA
Alexis LafrenièreLW/RW0000003016:231:5200:0000% 012
Andrew PeekeD0111030326:152:1902:2800% 001
Auston MatthewsC3031027022:022:3232:07056% 3200
Devon ToewsD0110523122:552:1301:1200% 002
Evander KaneLW/RW0110214020:262:3200:50067% 300
Evgeni MalkinC0000201017:421:5200:51063% 1600
Jack RoslovicC/RW000-1001115:130:0001:44050% 1000
Jake EvansC000-100206:330:0000:00040% 500
James van RiemsdykLW/RW000-1002013:290:0000:00033% 300
Jeremy LauzonD000-2011012:420:1700:1100% 001
Jesperi KotkaniemiC/LW0000042016:231:5200:0000% 000
Jordan EberleRW000-1001013:290:0000:0000% 101
Matt GrzelcykD0000001222:582:1102:0400% 000
Mike HoffmanLW011000006:580:0000:0700% 001
Patrik NemethD000-2000212:570:0000:4200% 000
Scott MayfieldD0000012022:301:4801:1900% 010
Steven LorentzC/LW/RW000-101006:330:0000:0000% 000
Taylor HallLW0000005121:252:3212:1700% 300
Blues
Player Name POS G A P +/- PIM HIT SHT SB MP PP MP PP SHT PK MP PK SHT FO% FOT GA TA
Arthur KaliyevLW/RW000000109:340:3400:0000% 000
Brad MarchandLW0000023221:152:0900:55040% 500
Brandon MontourD0001203124:572:2401:1100% 030
Brayden SchennC/LW000-1512018:541:0800:12042% 2600
Dawson MercerC/RW0001022018:291:3102:32039% 1800
Denis GurianovLW/RW000000009:210:2700:0000% 000
Gavin BayreutherD0111011012:450:0000:0000% 000
Kyle OkposoRW1011015011:580:1800:4500% 000
Kyle PalmieriLW/RW0111002011:060:0000:0000% 010
MacKenzie WeegarD0001013125:481:5702:4700% 011
Marcus JohanssonLW/RW0111000015:031:3100:0000% 011
Mats ZuccarelloLW/RW000-1022221:512:0901:0700% 200
Paul StastnyC/LW000001109:570:1800:45063% 800
Pius SuterC/LW0111012013:270:0002:32069% 1300
Sean WalkerD0001410116:161:3401:2400% 000
Travis HamonicD000-1203121:412:0101:2800% 010
Tyler ToffoliRW1011042015:101:4900:000100% 100
Zach BogosianD0000011118:530:0001:5800% 010

Panthers

5 vs 5 Forward
Line #Left WingCenterRight WingPHYDFOFWanted %Time %Time Play
1Taylor HallAuston MatthewsEvander Kane0143532%16:36
2Jesperi KotkaniemiEvgeni MalkinAlexis Lafrenière0233029%15:00
3James van RiemsdykJack RoslovicJordan Eberle1222526%13:29
4Mike HoffmanJake EvansSteven Lorentz2211013%6:33
5 vs 5 Defense
Line #DefenseDefensePHYDFOFWanted %Time %Time Play
1Devon ToewsMatt Grzelcyk0324039%20:20
2Andrew PeekeScott Mayfield1314038%19:23
3Patrik NemethJeremy Lauzon1401722%11:33
4Devon ToewsAndrew Peeke03231%0:22
Power Play Forward
Line #Left WingCenterRight WingPHYDFOFWanted %Time %Time Play
1Taylor HallAuston MatthewsEvander Kane0055558%2:32
2Jesperi KotkaniemiEvgeni MalkinAlexis Lafrenière0144542%1:52
Power Play Defense
Line #DefenseDefensePHYDFOFWanted %Time %Time Play
1Devon ToewsAndrew Peeke1135559%2:36
2Scott MayfieldMatt Grzelcyk0234541%1:48
Penalty Kill 4 Players Forward
Line #CenterWingPHYDFOFWanted %Time %Time Play
1Auston MatthewsTaylor Hall0415558%2:17
2Evgeni MalkinEvander Kane0414542%1:41
Penalty Kill 4 Players Defense
Line #DefenseDefensePHYDFOFWanted %Time %Time Play
1Devon ToewsAndrew Peeke0505567%2:39
2Scott MayfieldMatt Grzelcyk0504533%1:19
Penalty Kill 3 Players
Line #WingPHYDFOFWanted %Time %Time PlayDefenseDefensePHYDFOFWanted %Time %Time Play
1Auston Matthews050600%0:00 Devon ToewsAndrew Peeke050600%0:00
2Jesperi Kotkaniemi050400%0:00 Scott MayfieldMatt Grzelcyk050400%0:00
4 vs 4 Forward
Line #CenterWingPHYDFOFWanted %Time %Time Play
1Auston MatthewsTaylor Hall014500%0:00
2Evgeni MalkinEvander Kane014500%0:00
4 vs 4 Defense
Line #DefensePHYDFOFWanted %Time %Time Play
1Devon ToewsAndrew Peeke032500%0:00
2Scott MayfieldMatt Grzelcyk032500%0:00
Last Minutes Offensive
Left WingCenterRight WingDefenseDefense
Taylor HallAuston MatthewsJordan EberleDevon ToewsAndrew Peeke
Last Minutes Defensive
Left WingCenterRight WingDefenseDefense
Taylor HallAuston MatthewsJordan EberleDevon ToewsAndrew Peeke
Time
Total ForwardTotal DefenseLast Minutes OffensiveLast Minutes Defensive
60:00 60:00 0:000:00
Extra Forwards
Normal PowerPlayPenalty Kill
Jack Roslovic, Jesperi Kotkaniemi, Evander KaneJack Roslovic, Jesperi KotkaniemiJack Roslovic
Extra Defensemen
Normal PowerPlayPenalty Kill
Matt Grzelcyk, Patrik Nemeth, Jeremy LauzonMatt Grzelcyk, Matt GrzelcykPatrik Nemeth
Penalty Shots
Auston Matthews, Evgeni Malkin, Jordan Eberle, Taylor Hall, Jack Roslovic
Goalie
Adin Hill, Charlie Lindgren
Scratches
None

Blues

5 vs 5 Forward
Line #Left WingCenterRight WingPHYDFOFWanted %Time %Time Play
1Brad MarchandBrayden SchennMats Zuccarello0233936%18:28
2Marcus JohanssonDawson MercerTyler Toffoli0232926%13:21
3Kyle PalmieriPius SuterKyle Okposo1222021%10:55
4Denis GurianovPaul StastnyArthur Kaliyev1221217%8:54
5 vs 5 Defense
Line #DefenseDefensePHYDFOFWanted %Time %Time Play
1MacKenzie WeegarBrandon Montour1134038%19:39
2Travis HamonicZach Bogosian1133033%17:01
3Sean WalkerGavin Bayreuther1132025%12:45
4MacKenzie WeegarBrandon Montour122104%2:13
Power Play Forward
Line #Left WingCenterRight WingPHYDFOFWanted %Time %Time Play
1Brad MarchandBrayden SchennMats Zuccarello1046062%2:27
2Marcus JohanssonDawson MercerTyler Toffoli1134038%1:31
Power Play Defense
Line #DefenseDefensePHYDFOFWanted %Time %Time Play
1MacKenzie WeegarBrandon Montour1136049%1:57
2Brandon MontourTravis Hamonic1134051%2:01
Penalty Kill 4 Players Forward
Line #CenterWingPHYDFOFWanted %Time %Time Play
1Dawson MercerPius Suter1316083%3:39
2Paul StastnyKyle Okposo1314017%0:45
Penalty Kill 4 Players Defense
Line #DefenseDefensePHYDFOFWanted %Time %Time Play
1MacKenzie WeegarTravis Hamonic1316073%3:13
2Brandon MontourSean Walker1314027%1:11
Penalty Kill 3 Players
Line #WingPHYDFOFWanted %Time %Time PlayDefenseDefensePHYDFOFWanted %Time %Time Play
1Pius Suter140600%0:00 MacKenzie WeegarTravis Hamonic140600%0:00
2Dawson Mercer140400%0:00 Brandon MontourSean Walker122400%0:00
4 vs 4 Forward
Line #CenterWingPHYDFOFWanted %Time %Time Play
1Brayden SchennBrad Marchand122600%0:00
2Dawson MercerTyler Toffoli122400%0:00
4 vs 4 Defense
Line #DefensePHYDFOFWanted %Time %Time Play
1MacKenzie WeegarBrandon Montour122600%0:00
2Travis HamonicZach Bogosian122400%0:00
Last Minutes Offensive
Left WingCenterRight WingDefenseDefense
Brad MarchandBrayden SchennTyler ToffoliMacKenzie WeegarBrandon Montour
Last Minutes Defensive
Left WingCenterRight WingDefenseDefense
Pius SuterDawson MercerKyle OkposoMacKenzie WeegarTravis Hamonic
Time
Total ForwardTotal DefenseLast Minutes OffensiveLast Minutes Defensive
60:00 60:00 0:000:00
Extra Forwards
Normal PowerPlayPenalty Kill
Dawson Mercer, Marcus Johansson, Kyle PalmieriTyler Toffoli, Arthur KaliyevBrad Marchand
Extra Defensemen
Normal PowerPlayPenalty Kill
Travis Hamonic, MacKenzie Weegar, Zach BogosianSean Walker, Travis HamonicMacKenzie Weegar
Penalty Shots
Tyler Toffoli, Brad Marchand, Dawson Mercer, Brayden Schenn, Mats Zuccarello
Goalie
Kaapo Kahkonen, Pheonix Copley
Scratches
Josh Norris (Healthy), Jake Muzzin (Healthy)


Play-by-Play

1st period


0:01 of 1st period - Brayden Schenn wins face-off versus Evander Kane in neutral zone.
0:12 of 1st period - Brad Marchand is hit by Auston Matthews and loses puck.
0:17 of 1st period - Slapshot by Devon Toews.
0:17 of 1st period - Stopped by Kaapo Kahkonen with a rebound.
1:22 of 1st period - Slapshot by Jake Evans.
1:22 of 1st period - Stopped by Kaapo Kahkonen with a rebound.
1:56 of 1st period - Jeremy Lauzon is hit by Dawson Mercer and loses puck.
2:03 of 1st period - Snap shot by Dawson Mercer.
2:03 of 1st period - Stopped by Adin Hill with a rebound.
2:05 of 1st period - Slapshot by Sean Walker.
2:05 of 1st period - Deflect By Dawson Mercer.
2:05 of 1st period - Shot Blocked by Patrik Nemeth.
2:05 of 1st period - Puck is out of play.
2:06 of 1st period - Jack Roslovic wins face-off versus Pius Suter in Panthers zone.
2:06 of 1st period - Jack Roslovic is hit by Kyle Okposo.
2:59 of 1st period - Brayden Schenn is hit by Andrew Peeke and loses puck.
3:10 of 1st period - Icing by Mats Zuccarello.
3:11 of 1st period - Evgeni Malkin wins face-off versus Brayden Schenn in Blues zone.
3:16 of 1st period - Wrist shot by Evgeni Malkin.
3:16 of 1st period - Shot Misses the Net.
3:52 of 1st period - Wrist shot by Dawson Mercer.
3:52 of 1st period - Stopped by Adin Hill without a rebound.
3:53 of 1st period - Pius Suter wins face-off versus Jake Evans in Panthers zone.
4:10 of 1st period - Slapshot by Kyle Okposo.
4:10 of 1st period - Stopped by Adin Hill without a rebound.
4:11 of 1st period - Paul Stastny wins face-off versus Evgeni Malkin in Panthers zone.
4:18 of 1st period - Slapshot by MacKenzie Weegar.
4:18 of 1st period - Deflect By Andrew Peeke.
4:18 of 1st period - Stopped by Adin Hill without a rebound.
4:19 of 1st period - Evgeni Malkin wins face-off versus Paul Stastny in Panthers zone.
4:32 of 1st period - Wrist shot by Jesperi Kotkaniemi.
4:32 of 1st period - Deflect By Evgeni Malkin.
4:32 of 1st period - Stopped by Kaapo Kahkonen without a rebound.
4:33 of 1st period - Auston Matthews wins face-off versus Brad Marchand in Blues zone.
4:40 of 1st period - Wrist shot by Auston Matthews.
4:40 of 1st period - Stopped by Kaapo Kahkonen without a rebound.
4:41 of 1st period - Auston Matthews wins face-off versus Brayden Schenn in Blues zone.
4:42 of 1st period - Backhand shot by Taylor Hall.
4:42 of 1st period - Shot Misses the Net.
4:49 of 1st period - Off-side.
4:50 of 1st period - Dawson Mercer wins face-off versus Evgeni Malkin in neutral zone.
4:55 of 1st period - Wrist shot by Dawson Mercer.
4:55 of 1st period - Shot Misses the Net.
5:01 of 1st period - Scott Mayfield is hit by Tyler Toffoli and loses puck.
5:18 of 1st period - Snap shot by Dawson Mercer.
5:18 of 1st period - Shot Misses the Net.
5:50 of 1st period - Slapshot by Kyle Palmieri.
5:50 of 1st period - Deflect By Devon Toews.
5:50 of 1st period - Shot Blocked by Matt Grzelcyk.
5:50 of 1st period - Puck is out of play.
5:51 of 1st period - Jake Evans wins face-off versus Brad Marchand in Panthers zone.
6:18 of 1st period - Taylor Hall is hit by Zach Bogosian and loses puck.
6:58 of 1st period - Icing by Kyle Palmieri.
6:59 of 1st period - Pius Suter wins face-off versus James van Riemsdyk in Blues zone.
8:02 of 1st period - Slapshot by Steven Lorentz.
8:02 of 1st period - Shot Misses the Net.
10:03 of 1st period - Snap shot by Tyler Toffoli.
10:03 of 1st period - Shot Misses the Net.
10:05 of 1st period - Snap shot by Travis Hamonic.
10:05 of 1st period - Shot Blocked by Devon Toews.
10:07 of 1st period - Wrist shot by Tyler Toffoli.
10:07 of 1st period - Shot Misses the Net.
10:41 of 1st period - Wrist shot by Denis Gurianov.
10:41 of 1st period - Shot Blocked by Matt Grzelcyk.
10:43 of 1st period - Slapshot by Gavin Bayreuther.
10:43 of 1st period - Stopped by Adin Hill with a rebound.
10:45 of 1st period - Wrist shot by Denis Gurianov.
10:45 of 1st period - Deflect By Arthur Kaliyev.
10:45 of 1st period - Stopped by Adin Hill without a rebound.
10:46 of 1st period - James van Riemsdyk wins face-off versus Brayden Schenn in Panthers zone.
10:46 of 1st period - James van Riemsdyk is hit by Brayden Schenn.
11:05 of 1st period - Sean Walker is hit by Jeremy Lauzon.
11:17 of 1st period - Snap shot by Dawson Mercer.
11:17 of 1st period - Shot Misses the Net.
11:29 of 1st period - Snap shot by Tyler Toffoli.
11:29 of 1st period - Deflect By Taylor Hall.
11:29 of 1st period - Shot Misses the Net.
11:29 of 1st period - Puck is out of play.
11:30 of 1st period - Pius Suter wins face-off versus James van Riemsdyk in Panthers zone.
11:33 of 1st period - Wrist shot by Kyle Okposo.
11:33 of 1st period - Stopped by Adin Hill without a rebound.
11:34 of 1st period - Pius Suter wins face-off versus Jack Roslovic in Panthers zone.
11:35 of 1st period - Snap shot by Brandon Montour.
11:35 of 1st period - Stopped by Adin Hill without a rebound.
11:36 of 1st period - Pius Suter wins face-off versus Jack Roslovic in Panthers zone.
11:37 of 1st period - Snap shot by Kyle Palmieri.
11:37 of 1st period - Stopped by Adin Hill with a rebound.
12:49 of 1st period - Wrist shot by Tyler Toffoli.
12:49 of 1st period - Deflect By Denis Gurianov.
12:49 of 1st period - Shot Misses the Net.
12:49 of 1st period - Puck is out of play.
12:50 of 1st period - Paul Stastny wins face-off versus Jake Evans in Panthers zone.
13:27 of 1st period - Wrist shot by Jake Evans.
13:27 of 1st period - Stopped by Kaapo Kahkonen without a rebound.
13:28 of 1st period - Brayden Schenn wins face-off versus Auston Matthews in Blues zone.
13:55 of 1st period - Jack Roslovic is hit by Tyler Toffoli and loses puck.
14:02 of 1st period - Wrist shot by Tyler Toffoli.
14:02 of 1st period - Stopped by Adin Hill with a rebound.
14:04 of 1st period - Wrist shot by Tyler Toffoli.
14:04 of 1st period - Deflect By Dawson Mercer.
14:04 of 1st period - Shot Misses the Net.
14:04 of 1st period - Puck is out of play.
14:05 of 1st period - Brayden Schenn wins face-off versus Evgeni Malkin in Panthers zone.
14:06 of 1st period - Wrist shot by Brad Marchand.
14:06 of 1st period - Shot Misses the Net.
14:08 of 1st period - Slapshot by Mats Zuccarello.
14:08 of 1st period - Stopped by Adin Hill without a rebound.
14:09 of 1st period - Evgeni Malkin wins face-off versus Mats Zuccarello in Panthers zone.
14:14 of 1st period - Snap shot by Mats Zuccarello.
14:14 of 1st period - Shot Misses the Net.
14:16 of 1st period - Wrist shot by Brad Marchand.
14:16 of 1st period - Shot Misses the Net.
14:18 of 1st period - Wrist shot by Brayden Schenn.
14:18 of 1st period - Stopped by Adin Hill without a rebound.
14:19 of 1st period - Brayden Schenn wins face-off versus Taylor Hall in Panthers zone.
14:20 of 1st period - Snap shot by Brad Marchand.
14:20 of 1st period - Stopped by Adin Hill with a rebound.
14:22 of 1st period - Slapshot by Brandon Montour.
14:22 of 1st period - Stopped by Adin Hill with a rebound.
14:24 of 1st period - Wrist shot by Brayden Schenn.
14:24 of 1st period - Shot Blocked by Andrew Peeke.
14:26 of 1st period - Slapshot by Brandon Montour.
14:26 of 1st period - Shot Misses the Net.
14:28 of 1st period - Backhand shot by Mats Zuccarello.
14:28 of 1st period - Shot Blocked by Andrew Peeke.
14:48 of 1st period - Icing by Travis Hamonic.
14:49 of 1st period - Jack Roslovic wins face-off versus Dawson Mercer in Blues zone.
15:05 of 1st period - Off-side.
15:06 of 1st period - Brayden Schenn wins face-off versus Auston Matthews in neutral zone.
15:11 of 1st period - Wrist shot by Mats Zuccarello.
15:11 of 1st period - Shot Misses the Net.
15:33 of 1st period - Jesperi Kotkaniemi is hit by Dawson Mercer and loses puck.
16:25 of 1st period - Slapshot by Scott Mayfield.
16:25 of 1st period - Stopped by Kaapo Kahkonen with a rebound.
16:31 of 1st period - Denis Gurianov is hit by Steven Lorentz and loses puck.
16:52 of 1st period - Wrist shot by Taylor Hall.
16:52 of 1st period - Stopped by Kaapo Kahkonen with a rebound.
18:59 of 1st period - Snap shot by Kyle Palmieri.
18:59 of 1st period - Stopped by Adin Hill without a rebound.
19:00 of 1st period - Evander Kane wins face-off versus Brayden Schenn in Panthers zone.
Goals for this period are 0 for Panthers vs 0 for Blues.
Shots for this period are 7 for Panthers vs 15 for Blues.

2nd period


0:01 of 2nd period - Brayden Schenn wins face-off versus Auston Matthews in neutral zone.
0:26 of 2nd period - Dawson Mercer is hit by Jesperi Kotkaniemi and loses puck.
1:09 of 2nd period - Snap shot by Jesperi Kotkaniemi.
1:09 of 2nd period - Stopped by Kaapo Kahkonen without a rebound.
1:10 of 2nd period - Brayden Schenn wins face-off versus Auston Matthews in Blues zone.
1:15 of 2nd period - Wrist shot by Brayden Schenn.
1:15 of 2nd period - Shot Misses the Net.
1:17 of 2nd period - Wrist shot by Brad Marchand.
1:17 of 2nd period - Shot Misses the Net.
1:19 of 2nd period - Snap shot by MacKenzie Weegar.
1:19 of 2nd period - Stopped by Adin Hill with a rebound.
1:21 of 2nd period - Slapshot by Brandon Montour.
1:21 of 2nd period - Stopped by Adin Hill with a rebound.
1:25 of 2nd period - Snap shot by Brad Marchand.
1:25 of 2nd period - Stopped by Adin Hill without a rebound.
1:26 of 2nd period - Pius Suter wins face-off versus Jack Roslovic in Panthers zone.
1:35 of 2nd period - Snap shot by Kyle Okposo.
1:35 of 2nd period - Stopped by Adin Hill without a rebound.
1:36 of 2nd period - Jack Roslovic wins face-off versus Pius Suter in Panthers zone.
1:47 of 2nd period - Wrist shot by Pius Suter.
1:47 of 2nd period - Shot Misses the Net.
1:49 of 2nd period - Wrist shot by Pius Suter.
1:49 of 2nd period - Stopped by Adin Hill without a rebound.
1:50 of 2nd period - Brayden Schenn wins face-off versus Auston Matthews in Panthers zone.
3:14 of 2nd period - Snap shot by Kyle Okposo.
3:14 of 2nd period - Goal by Kyle Okposo - Panthers : 0 - Blues : 1.
3:15 of 2nd period - Auston Matthews wins face-off versus Brayden Schenn in neutral zone.
3:17 of 2nd period - Minor Penalty to Evander Kane for Roughing.
3:18 of 2nd period - Auston Matthews wins face-off versus Brayden Schenn in Panthers zone.
3:18 of 2nd period - Auston Matthews is hit by Mats Zuccarello.
3:32 of 2nd period - Backhand shot by Mats Zuccarello.
3:32 of 2nd period - Shot Misses the Net.
4:49 of 2nd period - Icing by Mats Zuccarello.
4:50 of 2nd period - Auston Matthews wins face-off versus Brayden Schenn in Blues zone.
5:17 of 2nd period - Penalty to Evander Kane is over, Evander Kane is back on ice.
5:21 of 2nd period - Devon Toews is hit by Pius Suter and loses puck.
6:18 of 2nd period - Icing by Sean Walker.
6:19 of 2nd period - Dawson Mercer wins face-off versus Evgeni Malkin in Blues zone.
6:24 of 2nd period - Marcus Johansson is hit by Jesperi Kotkaniemi and loses puck.
6:36 of 2nd period - Snap shot by Alexis Lafrenière.
6:36 of 2nd period - Stopped by Kaapo Kahkonen with a rebound.
7:41 of 2nd period - Wrist shot by Dawson Mercer.
7:41 of 2nd period - Shot Misses the Net.
7:43 of 2nd period - Snap shot by Marcus Johansson.
7:43 of 2nd period - Shot Misses the Net.
7:45 of 2nd period - Slapshot by Gavin Bayreuther.
7:45 of 2nd period - Shot Blocked by Jack Roslovic.
7:47 of 2nd period - Wrist shot by Tyler Toffoli.
7:47 of 2nd period - Goal by Tyler Toffoli - Panthers : 0 - Blues : 2.
7:48 of 2nd period - Brayden Schenn wins face-off versus Evgeni Malkin in neutral zone.
7:53 of 2nd period - Slapshot by MacKenzie Weegar.
7:53 of 2nd period - Stopped by Adin Hill without a rebound.
7:54 of 2nd period - Evgeni Malkin wins face-off versus Brayden Schenn in Panthers zone.
7:59 of 2nd period - Snap shot by Evgeni Malkin.
7:59 of 2nd period - Shot Blocked by Mats Zuccarello.
8:21 of 2nd period - Wrist shot by Taylor Hall.
8:21 of 2nd period - Stopped by Kaapo Kahkonen without a rebound.
8:22 of 2nd period - Auston Matthews wins face-off versus Pius Suter in Blues zone.
8:29 of 2nd period - Slapshot by Pius Suter.
8:29 of 2nd period - Shot Blocked by Taylor Hall.
8:31 of 2nd period - Snap shot by Travis Hamonic.
8:31 of 2nd period - Stopped by Adin Hill without a rebound.
8:32 of 2nd period - Brad Marchand wins face-off versus Taylor Hall in Panthers zone.
8:47 of 2nd period - Slapshot by Brayden Schenn.
8:47 of 2nd period - Shot Misses the Net.
9:07 of 2nd period - Wrist shot by Pius Suter.
9:07 of 2nd period - Stopped by Adin Hill without a rebound.
9:08 of 2nd period - Evgeni Malkin wins face-off versus Mats Zuccarello in Panthers zone.
9:17 of 2nd period - Wrist shot by Scott Mayfield.
9:17 of 2nd period - Stopped by Kaapo Kahkonen without a rebound.
9:18 of 2nd period - Evgeni Malkin wins face-off versus Brayden Schenn in Blues zone.
9:21 of 2nd period - Wrist shot by Alexis Lafrenière.
9:21 of 2nd period - Shot Misses the Net.
9:36 of 2nd period - Wrist shot by Mats Zuccarello.
9:36 of 2nd period - Shot Misses the Net.
9:58 of 2nd period - Slapshot by Jesperi Kotkaniemi.
9:58 of 2nd period - Stopped by Kaapo Kahkonen without a rebound.
9:59 of 2nd period - Auston Matthews wins face-off versus Dawson Mercer in Blues zone.
10:18 of 2nd period - Icing by Matt Grzelcyk.
10:19 of 2nd period - Pius Suter wins face-off versus Auston Matthews in Panthers zone.
11:11 of 2nd period - Snap shot by Auston Matthews.
11:11 of 2nd period - Shot Blocked by Brad Marchand.
11:13 of 2nd period - Wrist shot by Auston Matthews.
11:13 of 2nd period - Stopped by Kaapo Kahkonen with a rebound.
11:15 of 2nd period - Snap shot by Auston Matthews.
11:15 of 2nd period - Stopped by Kaapo Kahkonen with a rebound.
11:17 of 2nd period - Backhand shot by Matt Grzelcyk.
11:17 of 2nd period - Stopped by Kaapo Kahkonen without a rebound.
11:18 of 2nd period - Dawson Mercer wins face-off versus Jordan Eberle in Blues zone.
12:26 of 2nd period - Slapshot by Andrew Peeke.
12:26 of 2nd period - Shot Misses the Net.
13:00 of 2nd period - Slapshot by Kyle Okposo.
13:00 of 2nd period - Stopped by Adin Hill with a rebound.
13:12 of 2nd period - Snap shot by Travis Hamonic.
13:12 of 2nd period - Stopped by Adin Hill with a rebound.
13:46 of 2nd period - Brandon Montour is hit by Jesperi Kotkaniemi and loses puck.
13:51 of 2nd period - Wrist shot by Evgeni Malkin.
13:51 of 2nd period - Shot Misses the Net.
13:53 of 2nd period - Snap shot by Jesperi Kotkaniemi.
13:53 of 2nd period - Shot Misses the Net.
14:05 of 2nd period - Pius Suter is hit by Devon Toews and loses puck.
15:18 of 2nd period - Jesperi Kotkaniemi is hit by Mats Zuccarello and loses puck.
15:27 of 2nd period - Slapshot by Brayden Schenn.
15:27 of 2nd period - Stopped by Adin Hill without a rebound.
15:28 of 2nd period - Auston Matthews wins face-off versus Dawson Mercer in Panthers zone.
15:43 of 2nd period - Taylor Hall is hit by Tyler Toffoli and loses puck.
15:54 of 2nd period - Pius Suter is hit by Scott Mayfield.
16:20 of 2nd period - Alexis Lafrenière is hit by Paul Stastny and loses puck.
17:01 of 2nd period - Patrik Nemeth is hit by Sean Walker and loses puck.
17:12 of 2nd period - Slapshot by Taylor Hall.
17:12 of 2nd period - Stopped by Kaapo Kahkonen with a rebound.
17:18 of 2nd period - Minor Penalty to Sean Walker for Tripping.
17:19 of 2nd period - Auston Matthews wins face-off versus Dawson Mercer in Blues zone.
17:34 of 2nd period - Dawson Mercer is hit by Evander Kane.
18:40 of 2nd period - Brandon Montour is hit by Andrew Peeke and loses puck.
19:18 of 2nd period - Penalty to Sean Walker is over, Sean Walker is back on ice.
19:23 of 2nd period - Off-side.
19:24 of 2nd period - Paul Stastny wins face-off versus Jack Roslovic in neutral zone.
19:29 of 2nd period - Wrist shot by Paul Stastny.
19:29 of 2nd period - Shot Blocked by Patrik Nemeth.
19:31 of 2nd period - Slapshot by Paul Stastny.
19:31 of 2nd period - Stopped by Adin Hill without a rebound.
19:32 of 2nd period - Jack Roslovic wins face-off versus Paul Stastny in Panthers zone.
19:37 of 2nd period - Jeremy Lauzon is hit by Gavin Bayreuther and loses puck.
19:58 of 2nd period - Wrist shot by Evander Kane.
19:58 of 2nd period - Shot Blocked by Sean Walker.
Goals for this period are 0 for Panthers vs 2 for Blues.
Shots for this period are 9 for Panthers vs 14 for Blues.

3rd period


0:01 of 3rd period - Brad Marchand wins face-off versus Auston Matthews in neutral zone.
0:04 of 3rd period - Wrist shot by Mats Zuccarello.
0:04 of 3rd period - Stopped by Adin Hill with a rebound.
1:00 of 3rd period - Slapshot by Denis Gurianov.
1:00 of 3rd period - Shot Blocked by Andrew Peeke.
1:05 of 3rd period - Minor Penalty to Travis Hamonic for Roughing.
1:06 of 3rd period - Auston Matthews wins face-off versus Dawson Mercer in Blues zone.
1:06 of 3rd period - Snap shot by Evander Kane.
1:06 of 3rd period - Shot Misses the Net.
1:33 of 3rd period - Dawson Mercer is hit by Andrew Peeke and loses puck.
3:05 of 3rd period - Penalty to Travis Hamonic is over, Travis Hamonic is back on ice.
3:30 of 3rd period - Slapshot by Devon Toews.
3:30 of 3rd period - Stopped by Kaapo Kahkonen with a rebound.
3:32 of 3rd period - Slapshot by Devon Toews.
3:32 of 3rd period - Shot Blocked by Brandon Montour.
3:34 of 3rd period - Slapshot by Devon Toews.
3:34 of 3rd period - Shot Blocked by Travis Hamonic.
3:52 of 3rd period - Snap shot by Jack Roslovic.
3:52 of 3rd period - Stopped by Kaapo Kahkonen without a rebound.
3:53 of 3rd period - Jack Roslovic wins face-off versus Brad Marchand in Blues zone.
4:08 of 3rd period - Jordan Eberle is hit by Brad Marchand and loses puck.
4:46 of 3rd period - Backhand shot by Alexis Lafrenière.
4:46 of 3rd period - Shot Blocked by Zach Bogosian.
4:51 of 3rd period - Icing by Pius Suter.
4:52 of 3rd period - Auston Matthews wins face-off versus Pius Suter in Blues zone.
4:59 of 3rd period - Zach Bogosian is hit by Auston Matthews and loses puck.
5:20 of 3rd period - Slapshot by Zach Bogosian.
5:20 of 3rd period - Stopped by Adin Hill without a rebound.
5:21 of 3rd period - Evgeni Malkin wins face-off versus Brayden Schenn in Panthers zone.
5:21 of 3rd period - Evgeni Malkin is hit by MacKenzie Weegar.
5:28 of 3rd period - Brayden Schenn and Devon Toews fight to a draw.
5:28 of 3rd period - Penalty to Brayden Schenn for Fighting.
5:28 of 3rd period - Penalty to Devon Toews for Fighting.
5:29 of 3rd period - Dawson Mercer wins face-off versus Auston Matthews in Blues zone.
5:31 of 3rd period - Minor Penalty to Brandon Montour for Tripping.
5:32 of 3rd period - Auston Matthews wins face-off versus Dawson Mercer in Blues zone.
5:32 of 3rd period - Snap shot by Taylor Hall.
5:32 of 3rd period - Stopped by Kaapo Kahkonen without a rebound.
5:33 of 3rd period - Evander Kane wins face-off versus Dawson Mercer in Blues zone.
5:36 of 3rd period - Wrist shot by Auston Matthews.
5:36 of 3rd period - Stopped by Kaapo Kahkonen without a rebound.
5:37 of 3rd period - Dawson Mercer wins face-off versus Auston Matthews in Blues zone.
5:54 of 3rd period - Snap shot by Auston Matthews.
5:54 of 3rd period - Goal by Auston Matthews - Panthers : 1 - Blues : 2.
5:55 of 3rd period - Auston Matthews wins face-off versus Dawson Mercer in neutral zone.
6:01 of 3rd period - Wrist shot by Evander Kane.
6:01 of 3rd period - Stopped by Kaapo Kahkonen without a rebound.
6:02 of 3rd period - Dawson Mercer wins face-off versus Auston Matthews in Blues zone.
6:07 of 3rd period - Auston Matthews is hit by Brad Marchand and loses puck.
6:57 of 3rd period - Snap shot by Jordan Eberle.
6:57 of 3rd period - Stopped by Kaapo Kahkonen with a rebound.
7:23 of 3rd period - Wrist shot by Taylor Hall.
7:23 of 3rd period - Deflect By Auston Matthews.
7:23 of 3rd period - Deflect By Brandon Montour.
7:23 of 3rd period - Shot Blocked by MacKenzie Weegar.
7:23 of 3rd period - Puck is out of play.
7:24 of 3rd period - Evgeni Malkin wins face-off versus Dawson Mercer in Blues zone.
7:27 of 3rd period - Snap shot by Evgeni Malkin.
7:27 of 3rd period - Shot Misses the Net.
7:49 of 3rd period - Minor Penalty to Evgeni Malkin for Hooking.
7:50 of 3rd period - Tyler Toffoli wins face-off versus Taylor Hall in Panthers zone.
9:49 of 3rd period - Penalty to Evgeni Malkin is over, Evgeni Malkin is back on ice.
10:17 of 3rd period - Wrist shot by Evander Kane.
10:17 of 3rd period - Stopped by Kaapo Kahkonen without a rebound.
10:18 of 3rd period - Paul Stastny wins face-off versus Jake Evans in Blues zone.
10:23 of 3rd period - Backhand shot by Jake Evans.
10:23 of 3rd period - Deflect By Steven Lorentz.
10:23 of 3rd period - Shot Misses the Net.
10:23 of 3rd period - Puck is out of play.
10:24 of 3rd period - Jake Evans wins face-off versus Paul Stastny in Blues zone.
10:55 of 3rd period - Wrist shot by Alexis Lafrenière.
10:55 of 3rd period - Stopped by Kaapo Kahkonen with a rebound.
10:57 of 3rd period - Slapshot by Evgeni Malkin.
10:57 of 3rd period - Shot Blocked by Brad Marchand.
11:18 of 3rd period - Snap shot by James van Riemsdyk.
11:18 of 3rd period - Stopped by Kaapo Kahkonen without a rebound.
11:19 of 3rd period - Brayden Schenn wins face-off versus Auston Matthews in Blues zone.
11:46 of 3rd period - MacKenzie Weegar is hit by Jesperi Kotkaniemi and loses puck.
11:53 of 3rd period - Matt Grzelcyk is hit by Tyler Toffoli and loses puck.
12:16 of 3rd period - Off-side.
12:17 of 3rd period - Auston Matthews wins face-off versus Brayden Schenn in neutral zone.
12:20 of 3rd period - Slapshot by Scott Mayfield.
12:20 of 3rd period - Shot Blocked by Mats Zuccarello.
12:54 of 3rd period - Slapshot by Alexis Lafrenière.
12:54 of 3rd period - Shot Misses the Net.
13:40 of 3rd period - Slapshot by Jeremy Lauzon.
13:40 of 3rd period - Deflect By Pius Suter.
13:40 of 3rd period - Stopped by Kaapo Kahkonen without a rebound.
13:41 of 3rd period - Auston Matthews wins face-off versus Brayden Schenn in Blues zone.
13:48 of 3rd period - Snap shot by Brayden Schenn.
13:48 of 3rd period - Deflect By Brad Marchand.
13:48 of 3rd period - Stopped by Adin Hill without a rebound.
13:49 of 3rd period - Auston Matthews wins face-off versus Brayden Schenn in Panthers zone.
13:58 of 3rd period - Wrist shot by Evander Kane.
13:58 of 3rd period - Shot Misses the Net.
14:00 of 3rd period - Wrist shot by Evander Kane.
14:00 of 3rd period - Shot Misses the Net.
14:02 of 3rd period - Slapshot by Devon Toews.
14:02 of 3rd period - Shot Hit the Post.
14:10 of 3rd period - Snap shot by Auston Matthews.
14:10 of 3rd period - Shot Misses the Net.
14:12 of 3rd period - Slapshot by Devon Toews.
14:12 of 3rd period - Stopped by Kaapo Kahkonen with a rebound.
14:16 of 3rd period - Snap shot by Evander Kane.
14:16 of 3rd period - Stopped by Kaapo Kahkonen without a rebound.
14:17 of 3rd period - Evgeni Malkin wins face-off versus Dawson Mercer in Blues zone.
14:35 of 3rd period - Icing by Scott Mayfield.
14:36 of 3rd period - Evgeni Malkin wins face-off versus Brayden Schenn in Panthers zone.
14:53 of 3rd period - Snap shot by Jesperi Kotkaniemi.
14:53 of 3rd period - Shot Misses the Net.
14:57 of 3rd period - Wrist shot by Alexis Lafrenière.
14:57 of 3rd period - Stopped by Kaapo Kahkonen without a rebound.
14:58 of 3rd period - Dawson Mercer wins face-off versus Auston Matthews in Blues zone.
15:38 of 3rd period - Snap shot by Kyle Okposo.
15:38 of 3rd period - Shot Misses the Net.
15:58 of 3rd period - Minor Penalty to Sean Walker for Tripping.
15:59 of 3rd period - Auston Matthews wins face-off versus Dawson Mercer in Blues zone.
16:01 of 3rd period - Snap shot by Auston Matthews.
16:01 of 3rd period - Goal by Auston Matthews - Panthers : 2 - Blues : 2.
16:02 of 3rd period - Pius Suter wins face-off versus Jack Roslovic in neutral zone.
16:51 of 3rd period - Snap shot by James van Riemsdyk.
16:51 of 3rd period - Stopped by Kaapo Kahkonen with a rebound.
17:15 of 3rd period - Slapshot by Evander Kane.
17:15 of 3rd period - Stopped by Kaapo Kahkonen without a rebound.
17:16 of 3rd period - Paul Stastny wins face-off versus Auston Matthews in Blues zone.
17:41 of 3rd period - Backhand shot by Auston Matthews.
17:41 of 3rd period - Shot Misses the Net.
17:43 of 3rd period - Snap shot by Taylor Hall.
17:43 of 3rd period - Stopped by Kaapo Kahkonen without a rebound.
17:44 of 3rd period - Pius Suter wins face-off versus Evgeni Malkin in Blues zone.
19:17 of 3rd period - Kyle Palmieri is hit by Devon Toews and loses puck.
19:31 of 3rd period - Wrist shot by Jordan Eberle.
19:31 of 3rd period - Shot Misses the Net.
Goals for this period are 2 for Panthers vs 0 for Blues.
Shots for this period are 18 for Panthers vs 3 for Blues.

Overtime #1


0:01 of 1st overtime period - Brayden Schenn wins face-off versus Auston Matthews in neutral zone.
0:04 of 1st overtime period - Slapshot by Travis Hamonic.
0:04 of 1st overtime period - Stopped by Adin Hill without a rebound.
0:05 of 1st overtime period - Auston Matthews wins face-off versus Brayden Schenn in Panthers zone.
0:12 of 1st overtime period - Snap shot by Mike Hoffman.
0:12 of 1st overtime period - Shot Misses the Net.
0:14 of 1st overtime period - Wrist shot by Andrew Peeke.
0:14 of 1st overtime period - Shot Misses the Net.
0:18 of 1st overtime period - Snap shot by Auston Matthews.
0:18 of 1st overtime period - Goal by Auston Matthews - Panthers : 3 - Blues : 2.
Goals for this period are 1 for Panthers vs 0 for Blues.
Shots for this period are 1 for Panthers vs 1 for Blues.